 Dungeon Crawl Stone Soup version 0.30-a0-6-g7c9e10e132 (webtiles) character file.

Game seed: 5315943390772749790

5317 themarg the Martial Artist (level 10, -7/76 HPs)
             Began as a Gnoll Transmuter on Aug 23, 2022.
             Was a Follower of Wu Jian.
             Mangled by a shadow (19 damage)
             ... on level 9 of the Dungeon.
             The game lasted 00:39:56 (12110 turns).

themarg the Martial Artist (Gnoll Transmuter)      Turns: 12110, Time: 00:39:57

Health: -7/76      AC:  2    Str:  9    XL:     10   Next: 64%
Magic:  21/21      EV: 25    Int: 17    God:    Wu Jian [*.....]
Gold:   280        SH:  0    Dex: 18    Spells: 18/24 levels left

rFire   . . .      SeeInvis .      - Unarmed
rCold   . . .      Faith    .    (shield currently unavailable)
rNeg    . . .      Spirit   .    (body armour currently unavailable)
rPois   x          Reflect  .    (helmet currently unavailable)
rElec   .          Harm     .    (cloak currently unavailable)
rCorr   .          Rampage  .    (gloves currently unavailable)
Will    +....                    (boots currently unavailable)
Stlth   +++.......               (no amulet)
HPRegen 0.22/turn                m - ring of willpower
MPRegen 0.17/turn                (no ring)

@: spider-form (expiring)
A: venomous fangs, tiny, (fangs 1), strong nose, distributed training
a: End Transformation, Renounce Religion


You were on level 9 of the Dungeon.
You worshipped Wu Jian.
Wu Jian was aware of your devotion.
You were a venomous arachnid creature.
You visited 2 branches of the dungeon, and saw 10 of its levels.

You collected 384 gold pieces.
You spent 104 gold pieces at shops.

Inventory:

Hand Weapons
 d - a +2 dagger of protection
 i - a +1 dagger of venom
 t - a +0 spear
 B - the +6 falchion of Nyn Caw (melded) {freeze, Int+7}
   (You found it on level 6 of the Dungeon)

   It freezes those it strikes, dealing additional cold damage.
   It can also slow down cold-blooded creatures.
   Int:       It affects your intelligence (+7).
Missiles
 z - 3 datura-tipped darts
 C - 16 poisoned darts
Armour
 j - a +0 robe of willpower (melded)
 r - a +2 pair of boots (melded)
 K - a +0 pair of gloves (melded)
Jewellery
 m - a ring of willpower (left front leg)
 n - a ring of fire
 y - a ring of flight
Wands
 s - a wand of roots (9)
 A - a wand of digging (5)
 I - a wand of polymorph (6)
 J - a wand of charming (8)
 L - a wand of mindburst (12) (quivered)
Scrolls
 a - 7 scrolls of teleportation
 c - 2 scrolls of noise
 e - a scroll of butterflies {unknown}
 f - a scroll of immolation {unknown}
 g - 2 scrolls of magic mapping
 l - a scroll of fear {unknown}
 o - 6 scrolls of identify {unknown}
 u - 2 scrolls of poison {unknown}
 v - 3 scrolls of vulnerability {unknown}
 E - a scroll of blinking {unknown}
 F - a scroll of enchant armour {unknown}
 G - a scroll of summoning {unknown}
Potions
 b - 3 potions of lignification
 h - a potion of flight {unknown}
 k - a potion of attraction {unknown}
 p - 5 potions of curing
 q - 3 potions of degeneration {unknown}
 w - 2 potions of magic {unknown}
 D - 2 potions of might {unknown}
 H - 2 potions of ambrosia {unknown}


   Skills:
 + Level 6.3 Fighting
 + Level 5.7 Short Blades
 + Level 5.7 Long Blades
 + Level 5.7 Axes
 + Level 5.7 Maces & Flails
 + Level 5.7 Polearms
 + Level 5.7 Staves
 + Level 5.7 Ranged Weapons
 + Level 5.7 Throwing
 + Level 5.7 Armour
 + Level 7.4 Dodging
 + Level 5.7 Stealth
 + Level 5.7 Shields
 + Level 8.8 Unarmed Combat
 + Level 7.6 Spellcasting
 + Level 4.7 Conjurations
 + Level 4.7 Hexes
 + Level 4.7 Summonings
 + Level 4.7 Necromancy
 + Level 4.7 Translocations
 + Level 6.1 Transmutations
 + Level 4.7 Fire Magic
 + Level 4.7 Ice Magic
 + Level 4.7 Air Magic
 + Level 4.7 Earth Magic
 + Level 4.7 Poison Magic
 + Level 6.2 Invocations
 + Level 5.7 Evocations


You had 18 spell levels left.
You knew the following spells:

 Your Spells              Type           Power      Damage    Failure   Level
a - Beastly Appendage     Tmut           54%        N/A       4%          1
b - Wereblood             Tmut           27%        N/A       6%          2
c - Spider Form           Tmut/Pois      25%        N/A       12%         3

Your spell library contained the following spells:

 Spells                   Type           Power      Damage    Failure   Level
 Freeze                   Ice            88%        1d10      7%          1
 Frozen Ramparts          Ice            44%        1d7       14%         3
 Ice Form                 Ice/Tmut       25%        N/A       28%         4
 Hailstorm                Conj/Ice       22%        3d7       34%         4
 Summon Ice Beast         Ice/Summ       22%        N/A       34%         4


Dungeon Overview and Level Annotations

Branches:
Dungeon (9/15)             Temple (1/1) D:7
   Lair: D:8-11         Orc: D:9-12

Altars:
Ashenzari
Cheibriados
Dithmenos
Elyvilon
Fedhas
Hepliaklqana
Kikubaaqudgha
Makhleb
Nemelex Xobeh
Okawaru
Qazlal
Ru
Sif Muna
Trog
Uskayaw
Vehumet
Wu Jian
Xom
Yredelemnul
Zin
The Shining One

Shops:
D:1 !

Annotations:
D:3 exclusion: downstairs


Innate Abilities, Weirdness & Mutations

You are a venomous arachnid creature.
You have poisonous fangs.
You are tiny and dextrous.
Your spellcasting is less reliable in this form.
Your armour is entirely melded.
You are incapable of wielding weapons or throwing items.
((You have very sharp teeth.))
Your uncanny sense of smell can sniff out nearby items.
Your experience applies equally to all skills.


Message History

Found 11 gold pieces and a wand of roots (4).
A shadow comes into view.
Found a pair of boots.
You lunge at the shadow.
You hit the shadow.
The shadow is lightly damaged.
The shadow hits you.
You hit the shadow but do no damage.
The shadow is lightly damaged.
The shadow slips into darkness.
The shadow flickers and vanishes!
Deactivating autopickup; reactivate with Ctrl-A.
You hit something but do no damage.
The shadow strikes at you from the darkness!
Reactivating autopickup.
You hit the shadow.
The shadow is moderately damaged.
You barely miss the shadow.
The shadow is moderately damaged.
The shadow misses you.
You hit the shadow.
The shadow is heavily damaged.
The shadow hits you!
You bite the shadow!
The shadow is almost destroyed.
Your transformation is almost over.
The shadow slips into darkness.
The shadow flickers and vanishes!
Deactivating autopickup; reactivate with Ctrl-A.
You barely miss something.
The shadow strikes at you from the darkness!
* * * LOW HITPOINT WARNING * * *
Reactivating autopickup.
You hit the shadow.
The shadow is almost destroyed.
The shadow slips into darkness.
The shadow flickers and vanishes!
Deactivating autopickup; reactivate with Ctrl-A.
You closely miss something.
The shadow strikes at you from the darkness!
You die...

..## .... #.. ...## #.#
#####.#... #.#
.......... # #.#
##.#.##.## ∆#.#.#
.#........ #.#.#######
.#.#....## #..{......#
...#############s#####.#
.................[......
################.#####.#
........#...#..#.....#
#######
#######.#(#.#..#####.#
#...... ##~†.#.#.#..#
#.# #.#####
##~~~~..#....#####.#
#.#.#..
#~~~~~~............#
#.#....
#~~~~~~#####.#######
#.#.#..


There were no monsters in sight!

Vanquished Creatures
  An ugly thing (D:8)
  11 yaks
  4 water moccasins
  2 ice beasts (D:7)
  An orc warrior (D:8)
  A sky beast (D:6)
  A black bear (D:3)
  A centaur (D:7)
  3 ogres
  A phantom (D:4)
  A kobold brigand (D:9)
  Blork the orc (D:4)
  2 bullfrogs (D:6)
  2 necrophages
  4 scorpions
  10 killer bees
  2 howler monkeys
  3 electric eels (D:9)
  6 orc priests
  5 hounds
  5 iguanas (D:5)
  4 orc wizards
  10 adders
  5 gnolls
  2 white imps
  2 ufetubi
  A worm (D:3)
  A dart slug (D:1)
  21 orcs
  2 ball pythons
  3 bats
  4 endoplasms
  8 goblins
  6 hobgoblins
  6 jackals
  6 quokkas
  2 frilled lizards
  10 kobolds
  2 rats (D:1)
162 creatures vanquished.

Vanquished Creatures (others)
  21 fungi (D:6)
21 creatures vanquished.

Grand Total: 183 creatures vanquished

Notes
Turn   | Place    | Note
-------+----------+-------------------------------------------
     0 | D:1      | themarg the Gnoll Transmuter began the quest for the Orb.
     0 | D:1      | Reached XP level 1. HP: 17/17 MP: 6/6
   290 | D:1      | Reached XP level 2. HP: 20/23 MP: 5/7
   293 | D:1      | Learned a level 2 spell: Wereblood
   434 | D:1      | Found Seuff's Distillery.
  1020 | D:2      | Reached skill level 5 in Spellcasting
  1020 | D:2      | Reached XP level 3. HP: 15/28 MP: 7/9
  1349 | D:2      | Found a faded altar of an unknown god.
  2057 | D:1      | Bought a potion of heal wounds for 65 gold pieces
  2098 | D:3      | Reached skill level 1 in Invocations
  2177 | D:3      | Reached skill level 1 in Short Blades
  2177 | D:3      | Reached skill level 1 in Long Blades
  2177 | D:3      | Reached skill level 1 in Axes
  2177 | D:3      | Reached skill level 1 in Maces & Flails
  2177 | D:3      | Reached skill level 1 in Polearms
  2177 | D:3      | Reached skill level 1 in Staves
  2177 | D:3      | Reached skill level 1 in Ranged Weapons
  2177 | D:3      | Reached skill level 1 in Throwing
  2177 | D:3      | Reached skill level 1 in Armour
  2177 | D:3      | Reached skill level 1 in Stealth
  2177 | D:3      | Reached skill level 1 in Shields
  2177 | D:3      | Reached skill level 1 in Evocations
  2178 | D:3      | Noticed a black bear
  2261 | D:3      | Killed a black bear
  2262 | D:3      | Reached skill level 1 in Conjurations
  2262 | D:3      | Reached skill level 1 in Hexes
  2262 | D:3      | Reached skill level 1 in Summonings
  2262 | D:3      | Reached skill level 1 in Necromancy
  2262 | D:3      | Reached skill level 1 in Translocations
  2262 | D:3      | Reached skill level 1 in Fire Magic
  2262 | D:3      | Reached skill level 1 in Ice Magic
  2262 | D:3      | Reached skill level 1 in Air Magic
  2262 | D:3      | Reached skill level 1 in Earth Magic
  2262 | D:3      | Reached skill level 1 in Poison Magic
  2262 | D:3      | Reached XP level 4. HP: 17/34 MP: 11/11
  2262 | D:3      | Reached XP level 5. HP: 20/40 MP: 12/12
  2891 | D:4      | Found a snail-covered altar of Cheibriados.
  2892 | D:4      | Found a basalt altar of Yredelemnul.
  3825 | D:3      | Reached skill level 5 in Dodging
  3825 | D:3      | Reached XP level 6. HP: 34/47 MP: 14/14
  3913 | D:4      | Noticed Blork the orc
  4040 | D:4      | Killed Blork the orc
  4262 | D:4      | Reached skill level 7 in Unarmed Combat
  4262 | D:4      | Reached XP level 7. HP: 40/52 MP: 13/15
  4589 | D:4      | Found an iron altar of Okawaru.
  5565 | D:1      | Bought a potion of curing for 39 gold pieces
  5635 | D:5      | Entered Level 5 of the Dungeon
  6224 | D:5      | Reached XP level 8. HP: 55/60 MP: 16/16
  7042 | D:5      | Learned a level 3 spell: Spider Form
  7839 | D:6      | Reached skill level 5 in Transmutations
  7938 | D:6      | Reached XP level 9. HP: 50/66 MP: 15/18
  7961 | D:6      | Found an ancient bone altar of Kikubaaqudgha.
  8370 | D:6      | Identified the +6 falchion of Nyn Caw {freeze, Int+7}
  8780 | D:7      | Reached skill level 5 in Fighting
  9136 | D:7      | Reached skill level 8 in Unarmed Combat
  9164 | D:7      | Found a staircase to the Ecumenical Temple.
  9193 | Temple   | Entered the Ecumenical Temple
  9369 | Temple   | Became a worshipper of the Wu Jian Council
  9884 | D:8      | Reached skill level 5 in Invocations
 10116 | D:8      | Found a sparkling altar of Nemelex Xobeh.
 10174 | D:8      | Noticed a purple ugly thing
 10187 | D:7      | Reached skill level 5 in Short Blades
 10187 | D:7      | Reached skill level 5 in Long Blades
 10187 | D:7      | Reached skill level 5 in Axes
 10187 | D:7      | Reached skill level 5 in Maces & Flails
 10187 | D:7      | Reached skill level 5 in Polearms
 10187 | D:7      | Reached skill level 5 in Staves
 10187 | D:7      | Reached skill level 5 in Ranged Weapons
 10187 | D:7      | Reached skill level 5 in Throwing
 10187 | D:7      | Reached skill level 5 in Armour
 10187 | D:7      | Reached skill level 5 in Stealth
 10187 | D:7      | Reached skill level 5 in Shields
 10187 | D:7      | Reached skill level 5 in Evocations
 10187 | D:7      | Reached XP level 10. HP: 41/76 MP: 18/20
 10880 | D:8      | Reached * piety under Wu Jian
 10902 | D:8      | Killed a purple ugly thing
 11725 | D:9      | HP: 3/76 [yak (16)]
 12110 | D:9      | Mangled by a shadow

Illustrated notes

Levels and vault maps discovered:
D:1:      nzn_arrival_crosshair, layout_rooms, serial_co_window_serial,
          co_window_paths_a, co_window_corner_a, co_window_corner_a,
          co_window_corner_a, co_window_corner_a, co_window_corner_a,
          co_window_corner_a, co_window_paths_c, co_window_broadway_c,
          co_window_cross_2, co_window_broadway_c, co_window_corner_ca,
          co_window_paths_e, glass_columns_a, glass_columns_c, glass_columns_b,
          glass_columns_a, glass_columns_c, serial_shops,
          nicolae_shop_behind_doors
D:2:      layout_basic, dreamdust_ecumenical_altar_hidden_monk_grotto
D:3:      layout_basic
D:4:      layout_rooms, kennysheep_okawaru_gauntlet,
          gammafunk_temple_overflow_statue, uniq_blork_the_orc
D:5:      layout_basic
D:6:      layout_cave_pools, mainiacjoe_overflow_cross_hatched, chequers_jeans
D:7:      kennysheep_six_static_rooms, layout_basic,
          minmay_temple_entry_overgrown
D:8:      layout_basic, old_standard_altar
D:9:      layout_basic, lemuel_crystal_altar
Temple:   eino_temple_scatter_basement

Skill      XL: |  1  2  3  4  5  6  7  8  9 10 |
---------------+-------------------------------+-----
Spellcasting   | 5 6 7 |  7.6
Invocations    | 1 2 3 4 5 6 |  6.2
Short Blades   | 1 2 3 5 |  5.7
Long Blades    | 1 2 3 5 |  5.7
Axes           | 1 2 3 5 |  5.7
Maces & Flails | 1 2 3 5 |  5.7
Polearms       | 1 2 3 5 |  5.7
Staves         | 1 2 3 5 |  5.7
Ranged Weapons | 1 2 3 5 |  5.7
Throwing       | 1 2 3 5 |  5.7
Armour         | 1 2 3 5 |  5.7
Stealth        | 1 2 3 5 |  5.7
Shields        | 1 2 3 5 |  5.7
Evocations     | 1 2 3 5 |  5.7
Conjurations   | 1 2 3 4 |  4.7
Hexes          | 1 2 3 4 |  4.7
Summonings     | 1 2 3 4 |  4.7
Necromancy     | 1 2 3 4 |  4.7
Translocations | 1 2 3 4 |  4.7
Fire Magic     | 1 2 3 4 |  4.7
Ice Magic      | 1 2 3 4 |  4.7
Air Magic      | 1 2 3 4 |  4.7
Earth Magic    | 1 2 3 4 |  4.7
Poison Magic   | 1 2 3 4 |  4.7
Fighting       | 3 4 5 6 |  6.3
Transmutations | 4 5 6 |  6.1
Dodging        | 5 6 7 |  7.4
Unarmed Combat | 7 8 |  8.8

Action                   |  1- 3 |  4- 6 |  7- 9 | 10-12 || total
-------------------------+-------+-------+-------+-------++-------
Melee: Dagger            |    79 |   148 |   149 |       ||   376
       Kick              |    23 |    30 |    43 |       ||    96
       Headbutt          |    14 |    15 |    32 |       ||    61
       Bite              |     6 |    16 |    16 |       ||    38
       Punch             |     2 |     2 |    10 |       ||    14
       Spear             |       |       |     4 |       ||     4
       Unarmed           |       |       |   179 |   114 ||   293
       Falchion          |       |       |     3 |     2 ||     5
 Cast: Beastly Appendage |    22 |    18 |    20 |       ||    60
       Wereblood         |     2 |     7 |     4 |     2 ||    15
       Spider Form       |       |       |    24 |    10 ||    34
Invok: Lunge             |       |       |     3 |     8 ||    11
Evoke: Wand              |       |       |       |     2 ||     2
  Use: Potion            |       |     2 |       |     2 ||     4
       Scroll            |       |       |     3 |       ||     3
 Stab: Sleeping          |       |       |     8 |     1 ||     9
Armor: Robe              |    19 |    59 |    36 |       ||   114
       Skin              |       |       |     4 |     1 ||     5
Dodge: Dodged            |    60 |    87 |   239 |    79 ||   465

Table legend: (Time is in decaauts)
 A = Elapsed time spent in this place.
 B = Non-inter-level travel time spent in this place.
 C = Inter-level travel time spent in this place.
 D = Time resting spent in this place.
 E = Time spent auto-exploring this place.
 F = Levels seen in this place.
 G = Mean time per level.
                   A        B        C        D        E       F      G
               +--------+--------+--------+--------+--------+-----+--------+
         Total |  12049 |  11296 |    753 |   3864 |   4818 |  10 | 1204.9 |
       Dungeon |  11863 |  11118 |    745 |   3864 |   4670 |   9 | 1318.1 |
        Temple |    185 |    177 |      8 |      0 |    148 |   1 |  185.0 |
               +--------+--------+--------+--------+--------+-----+--------+

Top non-repeatable levels by time:
     D:4: 2041 daAuts
     D:5: 1789 daAuts
     D:3: 1754 daAuts
     D:7: 1236 daAuts
     D:8: 1143 daAuts
     D:2: 1128 daAuts
     D:1: 1045 daAuts
     D:9: 916 daAuts
     D:6: 807 daAuts
  Temple: 185 daAuts
